 Dungeon Crawl Stone Soup version 0.28.0-45-g0d030f2227 (webtiles) character file.

Game seed: 7525365463216293243

66 Peloso the Covered (level 3, -3/33 HPs)
             Began as a Minotaur Fighter on Apr 18, 2022.
             Splashed by a jelly's acid (6 damage)
             ... on level 2 of the Dungeon.
             The game lasted 00:03:11 (1413 turns).

Peloso the Covered (Minotaur Fighter)               Turns: 1413, Time: 00:03:11

Health: -3/33      AC: -8    Str: 20    XL:     3   Next: 96%
Magic:  2/2        EV:  9    Int:  5    God:
Gold:   25         SH:  4    Dex: 11    Spells: 2/2 levels left

rFire   . . .      SeeInvis .   a - +0 long sword
rCold   . . .      Faith    .   d - +0 buckler
rNeg    . . .      Spirit   .   c - +0 scale mail
rPois   .          Reflect  .   (helmet restricted)
rElec   .          Harm     .   (no cloak)
rCorr   .          Rampage  .   (no gloves)
Will    .....                   (no boots)
Stlth   ..........              (no amulet)
HPRegen 0.11/turn               (no ring)
MPRegen 0.08/turn               (no ring)

@: corroded
A: horns 2, retaliatory headbutt
a: no special abilities


You were on level 2 of the Dungeon.
You visited 1 branch of the dungeon, and saw 2 of its levels.

You collected 25 gold pieces.

Inventory:

Hand Weapons
 a - a +0 long sword (weapon)
 b - the +0 spear "Ceum" {drain, rElec}
   (You took it off a goblin on level 2 of the Dungeon)

   A truly terrible weapon, it drains the life of any living foe it strikes.
   rElec:     It insulates you from electricity.
Armour
 c - a +0 scale mail (worn)
 d - a +0 buckler (worn)
Scrolls
 f - a scroll of magic mapping {unknown}
Potions
 e - a potion of might


   Skills:
 + Level 4.1 Fighting
 + Level 3.1 Long Blades
 + Level 4.4 Armour
 + Level 1.2 Dodging
 + Level 4.0 Shields


You had 2 spell levels left.
You didn't know any spells.
Your spell library contained the following spells:

 Spells                   Type           Power      Damage    Failure   Level
 Iskenderun's Battlesphe  Conj           0%         2d6       100%        5
 Iron Shot                Conj/Erth      0%         9d1       100%        6
 Spellforged Servitor     Conj/Summ      0%         N/A       100%        7


Dungeon Overview and Level Annotations

Branches:
Dungeon (2/15)

Altars:


Innate Abilities, Weirdness & Mutations

You have a pair of horns on your head.
You reflexively headbutt those who attack you in melee.


Message History

You see here a worm corpse.
A ball python comes into view.
The ball python hisses angrily.
A ball python is nearby!
A ball python is nearby!
The ball python bites you but does no damage.
The ball python grabs you. The ball python constricts you.
You barely miss the ball python. You block the ball python's attack.
The ball python constricts you.
You hit the ball python.
You kill the ball python!
You see here a ball python corpse.
f - a scroll labelled MANNOT FIRGHAL
Found a dagger.
An adder comes into view.
The adder hisses angrily.
An adder is nearby!
You hit the adder.
The adder is moderately wounded.
You block the adder's attack. The adder bites you but does no damage.
You slash the adder!
You kill the adder!
Found 18 gold pieces.
A jelly comes into view.
The jelly quivers.
The jelly hits you.
You are splashed with acid.
You hit the jelly but do no damage. The acid corrodes you!
Your hands burn!
Your headbutt misses the jelly. The jelly hits you. The acid corrodes you!
You are splashed with acid!
You barely miss the jelly. You block the jelly's attack. The jelly hits you.
The acid corrodes you!
You are splashed with acid.
* * * LOW HITPOINT WARNING * * *
You completely miss the jelly. The jelly closely misses you.
You furiously retaliate!
You headbutt the jelly. You barely miss the jelly.
The jelly is moderately wounded.
The jelly hits you.
* * * LOW HITPOINT WARNING * * *
The acid corrodes you!
You are splashed with acid.
You die...

### ##
###8###8###8#
#....$.......
#....@J......
#............
#######.#8###⌠###8#
#.......### ##
#........#
#........#
####..#.## ##...#
#...##


You could see a jelly.

Vanquished Creatures
  2 adders (D:2)
  3 worms
  2 dart slugs (D:1)
  3 bats (D:1)
  2 endoplasms
  A giant cockroach (D:2)
  5 goblins
  5 hobgoblins (D:1)
  3 kobolds
  2 ball pythons
  3 frilled lizards
  5 rats
36 creatures vanquished.

Notes
Turn   | Place    | Note
-------+----------+-------------------------------------------
     0 | D:1      | Peloso the Minotaur Fighter began the quest for the Orb.
     0 | D:1      | Reached XP level 1. HP: 19/19 MP: 0/0
   160 | D:1      | Reached XP level 2. HP: 22/27 MP: 1/1
   207 | D:1      | Found a faded altar of an unknown god.
   894 | D:2      | Reached XP level 3. HP: 12/33 MP: 2/2
  1089 | D:1      | Reached skill level 1 in Dodging
  1220 | D:2      | Identified the +0 spear "Ceum" {drain, rElec}
  1413 | D:2      | Splashed by a jelly's acid

Illustrated notes

Levels and vault maps discovered:
D:1:      lightli_arrival_statuegarden, layout_basic, serial_aquarium,
          aquarium_bridge_square [aquarium_subvault_window,
          aquarium_subvault_balcony, aquarium_subvault_bridge,
          aquarium_subvault_bridge], aquarium_bridge_straight
          [aquarium_subvault_bridge, aquarium_subvault_wall,
          aquarium_subvault_bridge, aquarium_subvault_wall],
          aquarium_window_corridor_1, aquarium_window_fake, aquarium_window_1,
          aquarium_window_corner, aquarium_view_2c, aquarium_view_2f,
          aquarium_pool_corner, basic_ecumenical_altar
D:2:      layout_rooms, serial_corexii_hall, chequers_hall_statues_corner_a,
          corexii_hall_statues_l, chequers_hall_statues_y,
          corexii_hall_statues_i

Skill      XL: |  1  2  3 |
---------------+----------+-----
Fighting       | 4 |  4.1
Shields        | 4 |  4.0
Armour         | 4 |  4.4
Dodging        | 1 |  1.2
Long Blades    | 3 |  3.1

Action                   || total
-------------------------++-------
Melee: Long sword        ||    80
       Headbutt          ||    14
  Use: Scroll            ||     4
Armor: Scale mail        ||    58
Dodge: Dodged            ||    48
Block: Buckler           ||    21
